 Dungeon Crawl Stone Soup version 0.30.1-3-gfc49f6343a (webtiles) character file.

Game seed: 1860371688847960464

90457 Labrat the Devastator (level 16, -6/117 HPs)
             Began as a Human Conjurer on July 20, 2023.
             Was a High Priest of Vehumet.
             Killed from afar by a swamp dragon (shapeshifter) (14 damage)
             ... with a blast of poison
             ... on level 14 of the Dungeon on July 21, 2023.
             The game lasted 01:51:04 (28824 turns).

Labrat the Devastator (Human Conjurer)             Turns: 28824, Time: 01:51:05

Health: -6/117     AC: 12    Str: 15    XL:     16   Next: 47%
Magic:  24/44      EV: 16    Int: 24    God:    Vehumet [*****.]
Gold:   2507       SH: 11    Dex: 13    Spells: 14/45 levels left

rFire   + . .        u - +7 Spriggan's Knife {stab, EV+4 Stlth+}
rCold   + . .        j - +2 kite shield {rF+}
rNeg    . . .        I - +0 steam dragon scales
rPois   .            Y - +0 helmet
rElec   .            G - +0 cloak
rCorr   .            T - +0 pair of gloves
SInv    .            O - +1 pair of boots {Fly}
Will    +....        W - amulet of magic regeneration
Stlth   +++          N - ring of magical power
HPRegen 0.39/turn    U - ring "Acwumnukk" {rC+ Str+6}
MPRegen 0.69/turn

%: no passive effects
@: lethally poisoned (-6 -> -33), flying, studying Long Blades
A: no striking features
a: Renounce Religion


You were on level 14 of the Dungeon.
You worshipped Vehumet.
Vehumet was extremely pleased with you.
You visited 4 branches of the dungeon, and saw 22 of its levels.
You also visited: Sewer and Ice Cave.

You collected 2507 gold pieces.

Inventory:

Hand Weapons
 u - the +7 Spriggan's Knife (weapon) {stab, EV+4 Stlth+}
   (You found it on level 5 of the Lair of Beasts)

   Stab:      It is more effective when stabbing unaware enemies, sometimes
   treating them as though they were completely helpless.
   EV:        It affects your evasion (+4).
   Stlth:     It makes you more stealthy.
Missiles
 c - 18 boomerangs of dispersal
 t - 5 curare-tipped darts
Armour
 j - a +2 kite shield of fire resistance (worn)
 p - a +0 buckler of poison resistance
 G - a +0 cloak (worn)
 I - +0 steam dragon scales (worn)
 O - a +1 pair of boots of flying (worn)
 T - a +0 pair of gloves (worn)
 Y - a +0 helmet (worn)
Jewellery
 y - an amulet of reflection
 N - a ring of magical power (left hand)
 U - the ring "Acwumnukk" (right hand) {rC+ Str+6}
   (You found it in an ice cave)

   [ring of protection from cold]

   Str:       It affects your strength (+6).
   rC:        It protects you from cold.
 W - an amulet of magic regeneration (around neck)
 Z - a ring of resist corrosion
Wands
 l - a wand of iceblast (25)
 m - a wand of flame (55)
 o - a wand of quicksilver (10)
 J - a wand of mindburst (33)
 M - a wand of charming (36)
Scrolls
 a - 4 scrolls of butterflies
 e - 3 scrolls of enchant armour
 g - 8 scrolls of magic mapping
 i - 6 scrolls of enchant weapon
 k - 10 scrolls of teleportation
 n - 2 scrolls of fear
 r - 2 scrolls of torment
 v - 2 scrolls of noise {unknown}
 w - 3 scrolls of vulnerability
 x - 5 scrolls of brand weapon
 z - 2 scrolls of silence {unknown}
 D - 3 scrolls of blinking
 H - 3 scrolls of immolation
 L - a scroll of poison {unknown}
 Q - a scroll of amnesia
 R - 3 scrolls of fog
Potions
 d - 6 potions of heal wounds
 f - 4 potions of curing
 h - 3 potions of lignification {unknown}
 q - 4 potions of flight
 s - 3 potions of mutation
 A - a potion of might {unknown}
 C - 2 potions of invisibility
 F - 4 potions of haste
 K - 4 potions of brilliance
 P - 2 potions of resistance {unknown}
 S - a potion of cancellation {unknown}
 X - a potion of attraction {unknown}
Miscellaneous
 E - a phantom mirror


   Skills:
 - Level 8.0 Fighting
 - Level 5.0 Armour
 - Level 5.0 Dodging
 - Level 2.0 Stealth
 + Level 5.7 Shields
 - Level 15.0 Spellcasting
 - Level 15.0 Conjurations
 - Level 3.0 Translocations
 + Level 9.7 Fire Magic
 + Level 9.7 Earth Magic


You had 14 spell levels left.
You knew the following spells:

 Your Spells              Type           Power      Damage    Failure   Level
a - Stone Arrow           Conj/Erth      100%       3d13      1%          3
b - Iskenderun's Battles  Conj           74%        2d12      1%          5
c - Iskenderun's Mystic   Conj/Tloc      57%        2d12      1%          4
e - Fireball              Conj/Fire      33%        3d14      1%          5
f - Mephitic Cloud        Conj/Pois/Air  42%        N/A       1%          3
g - Lee's Rapid Deconstr  Erth           30%        3d16*     1%          5
h - Starburst             Conj/Fire      33%        6d10      2%          6

Your spell library contained the following spells:

 Spells                   Type           Power      Damage    Failure   Level
 Magic Dart               Conj           100%       1d8       0%          1
 Sandblast                Erth           100%       2d20      1%          1
 Shock                    Conj/Air       100%       1d9       1%          1
 Momentum Strike          Conj/Tloc      100%       3d10      1%          2
 Passwall                 Tmut/Erth      34%        N/A       1%          2
 Searing Ray              Conj           100%       2d8       1%          2
 Dazzling Flash           Conj/Hex       100%       N/A       1%          3
 Volatile Blastmotes      Fire/Tloc      96%        2d18      1%          3
 Fulminant Prism          Conj/Hex       26%        3d13      1%          4
 Apportation              Tloc           64%        N/A       2%          1
 Blink                    Tloc           64%        N/A       3%          2
 Lesser Beckoning         Tloc           64%        N/A       3%          2
 Arcjolt                  Conj/Air       26%        1d36      3%          5
 Irradiate                Conj/Tmut      26%        3d20      3%          5
 Gell's Gravitas          Tloc           32%        N/A       8%          3
 Teleport Other           Tloc           32%        N/A       8%          3
 Beastly Appendage        Tmut           36%        N/A       9%          1
 Leda's Liquefaction      Hex/Erth       20%        N/A       12%         4
 Call Imp                 Summ           36%        N/A       13%         2
 Ensorcelled Hibernation  Hex/Ice        36%        N/A       13%         2
 Sublimation of Blood     Necr           18%        N/A       13%         2
 Wereblood                Tmut           18%        N/A       13%         2
 Portal Projectile        Hex/Tloc       50%        N/A       14%         3
 Vhi's Electric Charge    Tloc/Air       50%        N/A       14%         3
 Airstrike                Air            9%         2d(2-18)  21%         4
 Call Canine Familiar     Summ           18%        N/A       26%         3
 Spider Form              Tmut/Pois      18%        N/A       26%         3
 Swiftness                Air            18%        N/A       26%         3
 Ice Form                 Ice/Tmut       18%        N/A       63%         4
 Statue Form              Tmut/Erth      27%        N/A       87%         6
 Alistair's Intoxication  Tmut/Pois      12%        N/A       93%         5
 Blade Hands              Tmut           9%         N/A       93%         5
 Metabolic Englaciation   Hex/Ice        9%         N/A       93%         5
 Simulacrum               Ice/Necr       9%         N/A       100%        6
 Dragon Form              Tmut           9%         N/A       100%        7
 Summon Hydra             Summ           9%         N/A       100%        7
 Maxwell's Capacitive Co  Air            9%         ∞         100%        8
 Polar Vortex             Ice            9%         N/A       100%        9


Dungeon Overview and Level Annotations

Branches:
Dungeon (14/15)            Temple (1/1) D:4            Lair (5/5) D:9
  Swamp (0/4) Lair:3       Spider (0/4) Lair:3        Slime (0/5) Lair:5
    Orc (2/2) D:11            Elf (0/3) Orc:2        Vaults (0/5) D:13
  Sewer (visited)           IceCv (visited)

Altars:
Ashenzari
Cheibriados
Dithmenos
Elyvilon
Fedhas
Gozag
Hepliaklqana
Kikubaaqudgha
Makhleb
Nemelex Xobeh
Okawaru
Qazlal
Ru
Sif Muna
Trog
Uskayaw
Vehumet
Wu Jian
Xom
Yredelemnul
Zin
The Shining One
Jiyva

Shops:
D:7 *   D:13 (   Orc:2 *=[(?[*!!

Portals:
Trove: D:11 (give 7 scrolls of blinking)


Message History

* * * LOW HITPOINT WARNING * * *
Unknown command.
Unknown command.
Casting: Starburst (dangerous; 2% risk of failure)
Confirm with . or Enter, or press ? or * to list all spells.
You erupt in a blast of force!
The mystic blast hits the efreet!
The efreet is moderately wounded.
The efreet is knocked back by the mystic blast.
The efreet slams into the rock wall!
The efreet is heavily wounded.
The mystic blast hits the swamp dragon!
The swamp dragon is severely wounded.
The swamp dragon is knocked back by the mystic blast.
You are engulfed in poison gas.
You are more poisoned.
* * * LOW HITPOINT WARNING * * *
You feel extremely sick.
Unknown command.
Unknown command.
You feel better.
You are engulfed in poison gas.
You are poisoned.
* * * LOW HITPOINT WARNING * * *
You feel very sick.
Casting: Iskenderun's Mystic Blast (mildly dangerous; 1% risk of failure)
Confirm with . or Enter, or press ? or * to list all spells.
You erupt in a blast of force!
The mystic blast hits the swamp dragon!
The swamp dragon is almost dead.
The swamp dragon is knocked back by the mystic blast.
The swamp dragon slams into the rock wall!
The mystic blast hits the efreet!
The efreet is heavily wounded.
The efreet is knocked back by the mystic blast.
You are engulfed in poison gas.
You are lethally poisoned!
* * * LOW HITPOINT WARNING * * *
x2 You feel very sick.
The swamp dragon breathes poison at you.
The blast of poison engulfs you!
You are more poisoned.
You die...

#.# ##z# #
z$#.#
#.#####.#.#
#.†...○...#
#.#####.#.#
#DR.# #
##○#.#
#@○#.#
#°##$#
#####○##..
#...○☼####
#.#####
##.# ##..#
#..## #.##


You could see a swamp dragon (catching breath) and an efreet.

Vanquished Creatures
  An azure jelly (IceCv)
  4 quicksilver oozes (IceCv)
  Nessos (Lair:3)
  Josephine (Lair:3)
  5 vault guards
  A hydra (Lair:5)
  4 centaur warriors
  4 two-headed ogres
  3 boulder beetles
  2 tengu warriors
  7 death yaks
  4 orc high priests (Orc:2)
  3 skeletal warriors (D:14)
  A skyshark (Lair:4)
  5 bog bodies (Lair:3)
  3 orc knights
  6 deep elf pyromancers
  3 orc sorcerers
  6 deep elf zephyrmancers (Orc:1)
  3 cyclopes
  12 ugly things
  2 manticores
  A salamander (shapeshifter) (D:14)
  An oklob plant (Lair:3)
  A wolf spider (Lair:5)
  A moth of wrath (D:4)
  3 elephants (Lair:3)
  A guardian serpent (Lair:5)
  6 black mambas (Lair:5)
  2 ice statues (IceCv)
  18 cane toads
  2 gargoyles
  2 cane toads (shapeshifter) (D:14)
  2 unseen horrors
  4 komodo dragons
  2 tengu conjurers
  2 trolls
  11 polar bears
  A meliai (Lair:3)
  A queen bee (shapeshifter) (D:14)
  19 blink frogs
  6 hornets
  6 slime creatures
  14 wyverns
  25 yaks
  5 wraiths (Lair:3)
  Eustachio (D:5)
  4 basilisks
  6 steam dragons
  7 vampire mosquitoes
  Menkaure (D:7)
  A redback (Lair:5)
  5 wargs
  17 hell hounds (Lair:5)
  3 acid dragons
  A swamp worm (Lair:3)
  20 water moccasins
  27 orc warriors
  17 black bears
  3 ice beasts
  4 ogres
  17 wolves
  4 great orb of eyes simulacra (IceCv)
  9 centaurs
  3 slime creature simulacra (IceCv)
  A phantom (D:4)
  3 kobold brigands
  A glowing shapeshifter simulacrum (IceCv)
  4 necrophages (D:4)
  10 bullfrogs
  14 wights
  4 scorpions
  9 killer bees
  4 howler monkeys
  7 electric eels
  2 gnoll boudas (D:8)
  5 jellies
  4 hounds
  22 orc priests
  Crazy Yiuf (D:5)
  Ijyb (D:5)
  2 iguanas (D:6)
  33 orc wizards
  2 shapeshifter simulacra (IceCv)
  2 hound zombies (D:4)
  15 gnolls
  12 adders
  2 shadow imps
  14 white imps
  2 ufetubi
  3 worms (D:4)
  116 orcs
  12 ball pythons
  20 endoplasms
  10 giant cockroaches
  8 goblins
  5 hobgoblins
  21 quokkas
  6 bats
  8 frilled lizards
  21 kobolds
  8 rats
781 creatures vanquished.

Vanquished Creatures (collateral kills)
  An orc priest (D:7)
1 creature vanquished.

Vanquished Creatures (others)
  A hound (D:7)
1 creature vanquished.

Grand Total: 783 creatures vanquished

Notes
Turn   | Place    | Note
-------+----------+-------------------------------------------
     0 | D:1      | Labrat the Human Conjurer began the quest for the Orb.
     0 | D:1      | Reached XP level 1. HP: 13/13 MP: 3/3
   206 | D:1      | Reached XP level 2. HP: 19/19 MP: 1/5
   583 | D:1      | Reached XP level 3. HP: 24/24 MP: 2/6
  1135 | D:1      | Found a faded altar of an unknown god.
  1182 | D:1      | Learned a level 2 spell: Searing Ray
  1346 | D:2      | Reached XP level 4. HP: 30/30 MP: 2/8
  1428 | D:2      | Learned a level 4 spell: Iskenderun's Mystic Blast
  2052 | D:3      | Reached skill level 5 in Conjurations
  2361 | D:3      | Found a glowing silver altar of Zin.
  2384 | D:2      | Reached XP level 5. HP: 35/35 MP: 7/10
  3056 | D:3      | Found a broken altar of Ashenzari.
  3319 | D:4      | Found a shadowy altar of Dithmenos.
  3336 | D:4      | Noticed a moth of wrath
  3346 | D:4      | Noticed a phantom
  3354 | D:4      | Killed a phantom
  3355 | D:4      | Reached XP level 6. HP: 34/41 MP: 2/12
  3366 | D:4      | Found a glowing drain.
  3581 | Sewer    | Entered a sewer
  4276 | Sewer    | Reached skill level 5 in Spellcasting
  4276 | Sewer    | Reached XP level 7. HP: 5/46 MP: 9/14
  4276 | Sewer    | HP: 1/46 [bullfrog (5)]
  4641 | D:4      | Found a staircase to the Ecumenical Temple.
  4648 | Temple   | Entered the Ecumenical Temple
  4668 | D:4      | Found a blossoming altar of Fedhas.
  4793 | D:4      | Found a snail-covered altar of Cheibriados.
  5094 | D:4      | Reached skill level 1 in Fighting
  5323 | D:4      | Found a bloodstained altar of Trog.
  5646 | D:4      | Reached XP level 8. HP: 44/58 MP: 8/17
  5649 | D:4      | Reached skill level 1 in Shields
  5836 | D:5      | Entered Level 5 of the Dungeon
  5913 | D:5      | Noticed Ijyb
  5965 | D:5      | Noticed Eustachio
  6374 | D:5      | Found a runed translucent door.
  6375 | D:5      | Noticed Crazy Yiuf
  6492 | D:5      | Found a white marble altar of Elyvilon.
  7089 | D:5      | Killed Crazy Yiuf
  7356 | D:6      | Reached XP level 9. HP: 51/63 MP: 6/20
  7782 | D:6      | Reached skill level 5 in Fighting
  8251 | D:6      | Reached skill level 1 in Armour
  8408 | D:7      | Found a stormy altar of Qazlal.
  8533 | D:7      | Found a shimmering blue altar of Sif Muna.
  8701 | D:7      | Found an iron altar of Okawaru.
  8737 | D:7      | Reached skill level 1 in Translocations
  8851 | D:7      | Noticed a hornet
  8862 | D:7      | Killed a hornet
  8863 | D:7      | Reached XP level 10. HP: 63/76 MP: 2/22
  9265 | D:7      | Found Latynok's Assorted Antiques.
  9528 | D:7      | Found an ornate altar of the Wu Jian Council.
  9603 | D:7      | Noticed Menkaure
  9608 | D:7      | Killed Menkaure
  9691 | D:7      | Found a radiant altar of Vehumet.
 10094 | D:8      | Found a hide-covered altar of Uskayaw.
 10340 | D:8      | Noticed a two-headed ogre
 10788 | D:8      | Found a shimmering blue altar of Sif Muna.
 10790 | D:8      | Found a shimmering altar of Xom.
 10790 | D:8      | Found a shimmering altar of Xom.
 10792 | D:8      | Found a blossoming altar of Fedhas.
 10792 | D:8      | Found a burning altar of Makhleb.
 10792 | D:8      | Found an opulent altar of Gozag.
 10921 | D:7      | Became a worshipper of Vehumet
 10966 | D:8      | Killed a two-headed ogre
 11305 | D:8      | Found an ancient bone altar of Kikubaaqudgha.
 12045 | D:9      | Found a staircase to the Lair.
 12047 | D:9      | Noticed a death yak
 12047 | D:9      | Noticed a death yak
 12053 | D:9      | Noticed a death yak
 12157 | D:9      | Identified the +0 short sword of Action {drain, Int+2}
 12177 | D:9      | Reached * piety under Vehumet
 12177 | D:9      | Offered knowledge of Sandblast by Vehumet.
 12418 | D:9      | Reached XP level 11. HP: 62/86 MP: 6/23
 12549 | D:9      | Found a sacrificial altar of Ru.
 12733 | D:9      | Learned a level 3 spell: Stone Arrow
 12888 | D:9      | Reached skill level 1 in Earth Magic
 12949 | D:9      | Reached skill level 10 in Conjurations
 13243 | D:9      | Killed a death yak
 13253 | D:9      | Killed a death yak
 13254 | D:9      | Reached skill level 5 in Earth Magic
 13334 | D:9      | Killed a death yak
 13504 | D:5      | Killed Eustachio
 13566 | D:5      | Killed Ijyb
 13663 | D:4      | Learned a level 3 spell: Portal Projectile
 13690 | D:4      | Killed a moth of wrath
 14083 | D:9      | Learned a level 3 spell: Mephitic Cloud
 14104 | D:10     | Entered Level 10 of the Dungeon
 14259 | D:10     | Noticed a two-headed ogre
 14268 | D:10     | Killed a two-headed ogre
 14269 | D:10     | Found a hazy altar of Hepliaklqana.
 14270 | D:10     | Found a burning altar of Makhleb.
 14275 | D:10     | Found a basalt altar of Yredelemnul.
 14305 | D:10     | Reached ** piety under Vehumet
 14549 | D:10     | Reached skill level 10 in Spellcasting
 14551 | D:10     | Offered knowledge of Poisonous Vapours by Vehumet.
 15126 | D:10     | Found a sparkling altar of Nemelex Xobeh.
 15126 | D:10     | Found an opulent altar of Gozag.
 15265 | D:11     | Noticed a red ugly thing
 15272 | D:11     | Killed a red ugly thing
 15273 | D:11     | Reached XP level 12. HP: 68/92 MP: 19/26
 15343 | D:11     | Noticed a centaur warrior
 15352 | D:11     | Killed a centaur warrior
 15535 | D:11     | Identified the +0 war axe of Magnificence {flame, +Blink
                  | rC+}
 15774 | D:11     | Noticed a two-headed ogre
 15780 | D:11     | Killed a two-headed ogre
 15780 | D:11     | Offered knowledge of Scorch by Vehumet.
 15781 | D:11     | Reached skill level 5 in Armour
 15781 | D:11     | Reached skill level 5 in Dodging
 15781 | D:11     | Reached skill level 5 in Shields
 15900 | D:11     | Noticed a two-headed ogre
 15931 | D:11     | Killed a two-headed ogre
 16083 | D:11     | Found a staircase to the Orcish Mines.
 16306 | D:11     | Noticed a vault guard
 16323 | D:11     | Killed a vault guard
 16367 | D:11     | Found a portal to a secret trove of treasure.
 16594 | Lair:1   | Entered Level 1 of the Lair of Beasts
 16600 | Lair:1   | You are sucked into a shaft and drop 1 floor!
 16664 | Lair:2   | Reached *** piety under Vehumet
 16968 | Lair:2   | Reached XP level 13. HP: 98/98 MP: 26/28
 17298 | Lair:2   | Offered knowledge of Sticky Flame by Vehumet.
 17673 | Lair:1   | Learned a level 5 spell: Lee's Rapid Deconstruction
 18346 | Lair:3   | Found a hole to the Spider Nest.
 18634 | Lair:3   | Noticed Nessos
 18962 | Lair:3   | Reached **** piety under Vehumet
 19238 | Lair:3   | Killed Nessos
 19244 | Lair:3   | Noticed Josephine
 19326 | Lair:3   | Killed Josephine
 19644 | Lair:3   | Found a staircase to the Swamp.
 19658 | Lair:3   | Offered knowledge of Fireball by Vehumet.
 19669 | Lair:3   | Learned a level 5 spell: Fireball
 20528 | Lair:4   | Reached XP level 14. HP: 105/105 MP: 29/30
 21506 | Lair:5   | Entered Level 5 of the Lair of Beasts
 21758 | Lair:5   | Found a staircase to the Slime Pits.
 21758 | Lair:5   | Found a viscous altar of Jiyva.
 21763 | Lair:5   | Reached ***** piety under Vehumet
 21769 | Lair:5   | Offered knowledge of Starburst by Vehumet.
 21778 | Lair:5   | Learned a level 6 spell: Starburst
 22004 | Lair:5   | Reached skill level 15 in Conjurations
 22020 | Lair:5   | Reached skill level 1 in Fire Magic
 22597 | Lair:5   | Reached skill level 5 in Fire Magic
 23010 | Lair:5   | Found the +7 Spriggan's Knife {stab, EV+4 Stlth+}
 23389 | Lair:5   | Reached XP level 15. HP: 65/110 MP: 10/31
 23740 | Lair:5   | Got the Codex of Igneous Ice
 24364 | Orc:1    | Entered Level 1 of the Orcish Mines
 24788 | Orc:2    | Entered Level 2 of the Orcish Mines
 24788 | Orc:2    | Found Xadwof's Magic Scroll Emporium.
 24788 | Orc:2    | Found a staircase to the Elven Halls.
 25321 | Orc:2    | Found Vaedo's Armour Emporium.
 25601 | Orc:2    | Found Vuthun's Assorted Antiques.
 25601 | Orc:2    | Found Nuigash's Antique Armour Shoppe.
 25602 | Orc:2    | Found Punnuali's Distillery.
 25606 | Orc:2    | Found Nydaoq's Distillery.
 25751 | Orc:2    | Found Uhuxi's Weapon Shoppe.
 25816 | Orc:2    | Found Reivoxi's Assorted Antiques.
 25832 | Orc:2    | Found Mofagan's Jewellery Emporium.
 26087 | Orc:1    | Offered knowledge of Plasma Beam by Vehumet.
 26751 | D:12     | You are sucked into a shaft and drop 1 floor!
 26761 | D:13     | Found Pasmod's Antique Weapon Shoppe.
 26822 | D:13     | Found a frozen archway.
 26869 | IceCv    | Entered an ice cave
 27141 | IceCv    | Reached ****** piety under Vehumet
 27142 | IceCv    | Noticed a quicksilver ooze
 27150 | IceCv    | Killed a quicksilver ooze
 27226 | IceCv    | Noticed a quicksilver ooze
 27270 | IceCv    | Killed a quicksilver ooze
 27271 | IceCv    | Reached skill level 15 in Spellcasting
 27322 | IceCv    | Noticed a quicksilver ooze
 27334 | IceCv    | Killed a quicksilver ooze
 27341 | IceCv    | Offered knowledge of Iskenderun's Battlesphere by Vehumet.
 27348 | IceCv    | Learned a level 5 spell: Iskenderun's Battlesphere
 27430 | IceCv    | Found a viscous altar of Jiyva.
 27430 | IceCv    | Noticed an azure jelly
 27436 | IceCv    | Noticed a quicksilver ooze
 27439 | IceCv    | Killed an azure jelly
 27440 | IceCv    | Reached XP level 16. HP: 117/117 MP: 30/35
 27470 | IceCv    | Got the Teachings on the Glacier
 27486 | IceCv    | Got the ring "Acwumnukk" {rC+ Str+6}
 27602 | IceCv    | Got the Folio of the Serac
 28266 | D:13     | Found a gate to the Vaults.
 28824 | D:14     | Killed from afar by a swamp dragon (shapeshifter)

Illustrated notes

Levels and vault maps discovered:
D:1:      tarquinn_simple_flora_water_e, layout_basic,
          shapermc_ecumenical_altar_notcrosses, minmay_circled_x
D:2:      layout_rooms
D:3:      layout_rooms, mainiacjoe_overflow_six_doors_small,
          amcnicky_altar_gilded
D:4:      layout_basic, grunt_dithmenos_smoke_and_mirrors, chei_slow_surprise,
          fedhas_altar_decomposition, tgw_trog, minmay_temple_entry_hall,
          gup_sewer_entry_glass, minivault_26, cheibrodos_gnoll_hut
D:5:      layout_cave_pods, mainiacjoe_overflow_chevrons, kennysheep_doodads,
          uniq_crazy_yiuf_cottage, uniq_ijyb, uniq_eustachio
D:6:      layout_basic, minmay_manual_monstrance
D:7:      layout_loops_ring, mainiacjoe_overflow_24_doors,
          mainiacjoe_overflow_catwalk, lemuel_doored_altar,
          pdpol_wu_jian_five_deadly_venoms, mainiacjoe_overflow_alcove_4,
          serial_shops, nicolae_inconvenience_store,
          nicolae_kite_square_tiling_tiny, solitary_fountain,
          minmay_misc_feat_room, uniq_menkaure
D:8:      layout_basic, old_standard_altar, lemuel_round_altar,
          doesnt_xom_only_xom, minmay_fractal_squares_gapless_5
D:9:      layout_layer_cave, mainiacjoe_overflow_tiny_flanked,
          dpeg_lair_monsters, minmay_unpleasant_kobolds
D:10:     layout_long_grid, grunt_temple_overflow_opulence,
          nicolae_overflow_hidden_temple, special_room [special_room_orc]
D:11:     layout_rooms, orc_0_dummy, enter_trove_5
D:12:     layout_long_grid
D:13:     layout_rooms, grunt_vaults_entry_fortified,
          portal_ice_cave_entry_imps, serial_shops, shop
D:14:     layout_basic, minmay_misc_feat_square, minmay_joined_circles
Temple:   ebering_the_one_and_only
Lair:1:   layout_gridlike, serial_bayou_lake_a
Lair:2:   layout_gridlike, dreamdust_deal_with_the_devil, lemuel_fruit_tree,
          grunt_megastairs_1, infiniplex_staircase_pool_2
Lair:3:   layout_regular_city, nicolae_swamp_entry_splash_gauntlet,
          hellmonk_spider_entry_not_the_bees, uniq_nessos, uniq_josephine
Lair:4:   layout_cave_pods, beast_lair_carwin_2
Lair:5:   hangedman_lair_caniforms_friends, layout_regular_city,
          hangedman_lair_tendril_chambers, nicolae_slime_entry_slimehenge
Orc:1:    layout_diamond_mine, elves_outpost_lemuel
Orc:2:    st_orc_mages, layout_caves, serial_shops, shop,
          nicolae_shop_behind_doors, nicolae_shop_tiny_glass,
          nicolae_shop_trees, shop, basic_altar

Skill      XL: |  1  2  3  4  5  6  7  8  9 10 11 12 13 14 15 16 |
---------------+-------------------------------------------------+-----
Spellcasting   | 3 4 5 6 7 8 10 11 12 15 | 15.0
Conjurations   | 5 6 9 10 11 13 15 | 15.0
Fighting       | 3 6 8 |  8.0
Shields        | 3 5 |  5.7
Dodging        | 3 5 |  5.0
Armour         | 3 5 |  5.0
Translocations | 3 |  3.0
Earth Magic    | 5 7 8 9 |  9.7
Fire Magic     | 7 8 9 |  9.7
Stealth        | |  2.0

Action                     |  1- 3 |  4- 6 |  7- 9 | 10-12 | 13-15 | 16-18 || total
---------------------------+-------+-------+-------+-------+-------+-------++-------
  Melee: Unarmed           |     6 |     5 |       |       |       |       ||    11
         Dagger            |       |    20 |    24 |     5 |       |       ||    49
         Short sword       |       |       |       |    31 |       |       ||    31
         Long sword        |       |       |       |    59 |    70 |       ||   129
         Knife             |       |       |       |       |    86 |     9 ||    95
         War axe           |       |       |       |       |     1 |    20 ||    21
  Throw: Dart              |       |       |       |     5 |       |       ||     5
         Boomerang         |       |       |       |     1 |       |       ||     1
         Throwing net      |       |       |       |       |       |     1 ||     1
   Cast: Magic Dart        |    68 |   158 |    87 |   158 |    12 |       ||   483
         Searing Ray       |       |    12 |    57 |    56 |     5 |       ||   130
         Iskenderun's Myst |       |       |     3 |    32 |    99 |    16 ||   150
         Stone Arrow       |       |       |       |   107 |   374 |    37 ||   518
         Portal Projectile |       |       |       |     2 |       |       ||     2
         Mephitic Cloud    |       |       |       |     2 |     6 |     1 ||     9
         Fireball          |       |       |       |       |    41 |    24 ||    65
         Starburst         |       |       |       |       |    19 |    23 ||    42
         Lee's Rapid Decon |       |       |       |       |    19 |     2 ||    21
         Iskenderun's Batt |       |       |       |       |     1 |       ||     1
  Evoke: Wand              |       |       |       |     1 |     6 |     2 ||     9
    Use: Scroll            |       |       |       |    13 |    10 |     5 ||    28
         Potion            |       |       |       |       |     1 |     2 ||     3
 Armour: Robe              |     5 |    16 |     8 |       |       |       ||    29
         Steam dragon scal |       |       |     5 |    46 |    49 |     9 ||   109
  Dodge: Dodged            |    10 |    42 |    56 |   125 |   208 |    22 ||   463
  Block: Buckler           |       |     3 |    39 |    63 |   143 |     8 ||   256
         Reflection        |       |       |     3 |    10 |    20 |       ||    33
         Other             |       |       |       |     4 |       |       ||     4
         Kite shield       |       |       |       |       |       |     8 ||     8
